 Dungeon Crawl Stone Soup version 0.30-a0-335-ge5acde7520 (webtiles) character file.

Game seed: 4821277486960059842

33940 avis the Markstengu (level 13, -10/82 HPs)
             Began as a Tengu Ice Elementalist on Oct 26, 2022.
             Was an Initiate of Gozag.
             Shot with an arrow by Nessos (21 damage)
             ... on level 3 of the Lair of Beasts on Oct 30, 2022.
             The game lasted 02:39:40 (18498 turns).

avis the Markstengu (Tengu Ice Elementalist)       Turns: 18498, Time: 02:39:42

Health: -10/82     AC: 12    Str: 12    XL:     13   Next: 74%
Magic:  11/18      EV: 21    Int: 17    God:    Gozag
Gold:   3533       SH:  0    Dex: 19    Spells: 7/18 levels left

rFire   . . .      SeeInvis +    a - +8 long sword of Desperation {flame, rC+ Str+4}
rCold   + . .      Faith    .    (no shield)
rNeg    . . .      Spirit   .    R - +0 leather armour {Will+}
rPois   .          Reflect  .    x - +2 hat {SInv}
rElec   .          Harm     .    (no cloak)
rCorr   .          Rampage  .    F - +2 pair of gloves
Will    +....                    (boots unavailable)
Stlth   ++........               O - amulet of regeneration
HPRegen 1.13/turn                k - +4 ring of protection
MPRegen 0.16/turn                o - +4 ring of evasion

@: flying quickly and evasively, quick
A: beak, talons 3, nimble flight
a: Renounce Religion, Potion Petition, Call Merchant, Bribe Branch


You were on level 3 of the Lair of Beasts.
You worshipped Gozag.
Gozag was most pleased with you.
You visited 3 branches of the dungeon, and saw 15 of its levels.
You also visited: Ossuary and Ice Cave.

You collected 3672 gold pieces.
You paid 139 gold pieces to Gozag.

Inventory:

Hand Weapons
 a - the +8 long sword of Desperation (weapon) {flame, rC+ Str+4}
   (You found it on level 5 of the Dungeon)

   It burns those it strikes, dealing additional fire damage.
   Big, fiery blades are also staple armaments of hydra-hunters.
   Str:       It affects your strength (+4).
   rC:        It protects you from cold.
 b - a +2 longbow of flaming
 w - the +5 whip of Golden Defence {venom, Str+2 Dex+3}
   (You took it off Sigmund on level 4 of the Dungeon)

   It poisons the flesh of those it strikes.
   Str:       It affects your strength (+2).
   Dex:       It affects your dexterity (+3).
 A - a +1 dagger of freezing
 E - a +0 flail of holy wrath
Missiles
 d - 25 poisoned darts
 j - 5 atropa-tipped darts (quivered)
 q - 2 boomerangs
 r - 7 throwing nets
 y - a curare-tipped dart
 H - 2 javelins
Armour
 c - a +2 chain mail of cold resistance
 p - the +1 scale mail of Objectivity {rPois rC+ Dex-5 SInv}
   (You found it on level 2 of the Dungeon)

   Dex:       It affects your dexterity (-5).
   rC:        It protects you from cold.
   rPois:     It protects you from poison.
   SInv:      It lets you see invisible.
 x - a +2 hat of see invisible (worn)
 D - the +1 scale mail of Grim Curiosity {rC+ Stlth+}
   (You found it in an ice cave)

   rC:        It protects you from cold.
   Stlth:     It makes you more stealthy.
 F - a +2 pair of gloves (worn)
 R - a +0 leather armour of willpower (worn)
Magical Staves
 n - a staff of poison
Jewellery
 k - a +4 ring of protection (left hand)
 l - a ring of ice
 o - a +4 ring of evasion (right hand)
 s - a ring of magical power
 u - a +4 ring of protection
 G - a ring of protection from fire
 O - an amulet of regeneration (around neck)
 P - a ring of positive energy
 U - a ring of resist corrosion
Wands
 g - a wand of light (5)
 C - a wand of flame (38)
 T - a wand of roots (11)
Scrolls
 m - 5 scrolls of fear
 t - a scroll of teleportation
Potions
 e - 2 potions of ambrosia
 f - 3 potions of might
 i - 2 potions of lignification
 v - a potion of brilliance
 z - 2 potions of berserk rage
 B - a potion of mutation {unknown}
 I - a potion of magic
 X - a potion of heal wounds {unknown}


   Skills:
 - Level 10.0 Fighting
 - Level 14.0 Long Blades
 * Level 15.0 Ranged Weapons
 - Level 5.0 Armour
 - Level 5.0 Dodging
 - Level 3.0 Stealth
 - Level 3.0 Spellcasting
 - Level 4.0 Summonings
 - Level 6.0 Ice Magic


You had 7 spell levels left.
You knew the following spells:

 Your Spells              Type           Power      Damage    Failure   Level
a - Freeze                Ice            88%        1d9       1%          1
o - Ozocubu's Armour      Ice            22%        N/A       5%          3
r - Frozen Ramparts       Ice            44%        1d7       5%          3
s - Summon Ice Beast      Ice/Summ       19%        N/A       28%         4

Your spell library contained the following spells:

 Spells                   Type           Power      Damage    Failure   Level
 Magic Dart               Conj           8%         1d3       22%         1
 Cigotuvi's Dreadful Rot  Necr/Pois/Air  4%         N/A       32%         2
 Scorch                   Fire           4%         2d5       32%         2
 Searing Ray              Conj           4%         2d4       32%         2
 Portal Projectile        Hex/Tloc       4%         N/A       54%         3
 Tukima's Dance           Hex            2%         N/A       54%         3
 Ice Form                 Ice/Tmut       12%        N/A       54%         4
 Fulminant Prism          Conj/Hex       1%         3d5       91%         4
 Olgreb's Toxic Radiance  Pois           2%         N/A       91%         4
 Petrify                  Tmut/Erth      2%         N/A       91%         4
 Summon Forest            Summ/Tloc      4%         N/A       95%         5
 Blade Hands              Tmut           1%         N/A       99%         5
 Eringya's Noxious Bog    Tmut/Pois      1%         N/A       100%        6
 Summon Hydra             Summ           8%         N/A       100%        7


Dungeon Overview and Level Annotations

Branches:
Dungeon (9/15)             Temple (1/1) D:5            Lair (5/5) D:9
  Swamp (0/4) Lair:2        Snake (0/4) Lair:2        Slime (0/5) Lair:4
Ossuary (visited)           IceCv (visited)
    Orc: D:9-12

Altars:
Ashenzari
Cheibriados
Dithmenos
Elyvilon
Fedhas
Gozag
Hepliaklqana
Kikubaaqudgha
Makhleb
Nemelex Xobeh
Okawaru
Qazlal
Ru
Sif Muna
Trog
Uskayaw
Vehumet
Wu Jian
Xom
Yredelemnul
Zin
The Shining One

Shops:
D:5 :

Annotations:
Lair:3 Nessos, Sonja


Innate Abilities, Weirdness & Mutations

You have a beak for a mouth.
You have claws for feet.
Your magical nature lets you fly swiftly and evasively.


Message History

a - the +8 long sword of Desperation (weapon)
{flame, rC+ Str+4} You hit Nessos.
You burn Nessos. You claw Nessos, but do no damage.
Nessos is heavily wounded.
The wall freezes Nessos but does no damage.
Nessos intently looks at you, slowly moving their tail.
Nessos mumbles some strange words.
Nessos blinks!
The +8 long sword of Desperation {flame, rC+ Str+4} stops flaming.
Your +2 longbow of flaming bursts into flame!
b - a +2 longbow of flaming (weapon)
Nessos wields a +2 longbow of flaming.
It bursts into flame!
Nessos shoots an arrow.
The arrow hits you!
* * * LOW HITPOINT WARNING * * *
The arrow burns you.
You are poisoned.
* * * LOW HITPOINT WARNING * * *
You feel better.
Nessos shoots an arrow.
The arrow completely misses you.
A cane toad comes into view.
Fire: b) +2 longbow (flame)
Press: ? - help, Q - select action, (/) - cycle Shift-Dir - straight line, f/p - Nessos
Aim: Nessos, wielding a +2 longbow of flaming and wearing a +0 barding (moderately wounded, fast, 80% to hit)
You shoot an arrow. The arrow barely misses Nessos.
The frozen ramparts melt away.
Nessos intently looks at you, slowly moving their tail.
Nessos shoots an arrow.
The arrow barely misses you.
Sonja casts a spell.
Sonja blinks!
Nessos shoots an arrow.
The arrow hits you!
* * * LOW HITPOINT WARNING * * *
The arrow burns you.
* * * LOW HITPOINT WARNING * * *
Okay, then.
Your +2 longbow of flaming stops flaming.
You feel stronger.
The +8 long sword of Desperation {flame, rC+ Str+4} bursts into flame!
a - the +8 long sword of Desperation (weapon)
{flame, rC+ Str+4} Nessos shoots an arrow.
The arrow closely misses you.
A rime drake comes into view.
Nessos shoots an arrow.
The arrow hits you!!
You die...
Your body crumbles into a pile of gold.

#..## ....# ....
### ### ###....
##.# ##.####...#
###..###..#.#...#
................##
...#####...##Fc.@#
## ..##
#..##.##..##...#
### ####
.###...c..# ..
#.......#
.##k.......#
...#..#.....
...##.#..... .. ..
.... ... .. ....


You could see Nessos (fast), a cane toad and a rime drake.

Vanquished Creatures
  Harold (Lair:2)
  2 hydras
  A catoblepas (Lair:1)
  2 bog bodies (IceCv)
  Pikel (D:5)
  4 oklob plants (Lair:3)
  6 black mambas
  7 cane toads
  An ice statue (IceCv)
  A rime drake (Lair:2)
  A torpor snail (Lair:2)
  7 komodo dragons
  An anaconda simulacrum (IceCv)
  An ice devil (IceCv)
  A polar bear (Lair:2)
  2 tyrant leeches (Lair:2)
  A troll (D:9)
  Prince Ribbit (D:5)
  19 blink frogs
  Sigmund (D:4)
  6 spriggans (Lair:1)
  6 wyverns
  32 yaks
  A ynoxinul (D:9)
  2 steam dragons
  Eustachio (D:6)
  3 basilisks
  3 death yak simulacra (IceCv)
  2 harpy simulacra (IceCv)
  3 nagas (Lair:2)
  Duvessa (D:7)
  Edmund (D:5)
  A hydra simulacrum (IceCv)
  12 water moccasins
  7 orc warriors
  A sky beast (D:6)
  An ice beast (D:8)
  A black bear (D:6)
  4 wolves (Lair:2)
  A centaur (D:9)
  A phantom (D:6)
  Blork the orc (D:5)
  2 kobold brigands
  19 bullfrogs
  2 elf zombies (Ossuary)
  8 scorpions
  7 two-headed ogre simulacra (IceCv)
  2 necrophages
  8 wights
  2 cane toad simulacra (IceCv)
  Dowan (D:7)
  12 killer bees
  4 elephant simulacra (IceCv)
  5 howler monkeys
  A jelly (Lair:4)
  A centaur zombie (Ossuary)
  A gnoll bouda (D:6)
  3 hounds
  10 orc priests
  An iguana (D:6)
  14 orc wizards
  3 troll simulacra (IceCv)
  2 polar bear simulacra (IceCv)
  4 spriggan simulacra (IceCv)
  A wolf simulacrum (IceCv)
  3 mummies
  8 gnolls
  4 adders
  3 naga simulacra (IceCv)
  3 shadow imps
  6 white imps (IceCv)
  6 ufetubi (IceCv)
  2 adder zombies (Ossuary)
  2 worms
  6 dart slugs
  35 orcs
  12 bats
  4 endoplasms
  7 goblins
  8 hobgoblins
  6 jackals
  18 kobolds
  3 quokkas
  2 ball pythons (D:1)
  5 frilled lizards
  A goblin zombie (Ossuary)
  7 hobgoblin zombies (Ossuary)
  16 kobold zombies (Ossuary)
  7 orc zombies (Ossuary)
  3 rats
  A rat zombie (Ossuary)
443 creatures vanquished.

Vanquished Creatures (others)
  6 bushes (Lair:3)
  14 fungi
  39 plants
59 creatures vanquished.

Grand Total: 502 creatures vanquished

Notes
Turn   | Place    | Note
-------+----------+-------------------------------------------
     0 | D:1      | avis the Tengu Ice Elementalist began the quest for the
                  | Orb.
     0 | D:1      | Reached XP level 1. HP: 10/10 MP: 4/4
   198 | D:1      | Reached skill level 1 in Fighting
   257 | D:1      | Reached XP level 2. HP: 16/16 MP: 0/6
   666 | D:1      | Reached XP level 3. HP: 21/21 MP: 7/7
  1096 | D:1      | Reached skill level 1 in Ranged Weapons
  1112 | D:1      | Upgraded the game from 0.30-a0-311-gf115ab0292 to
                  | 0.30-a0-313-gae38170b09
  1174 | D:1      | Learned a level 3 spell: Ozocubu's Armour
  1238 | D:2      | Identified the +1 scale mail of Objectivity {rPois rC+
                  | Dex-5 SInv}
  1440 | D:2      | Upgraded the game from 0.30-a0-313-gae38170b09 to
                  | 0.30-a0-335-ge5acde7520
  1454 | D:2      | Found a broken altar of Ashenzari.
  2064 | D:2      | Reached skill level 2 in Ranged Weapons
  2064 | D:2      | Reached XP level 4. HP: 18/26 MP: 8/8
  2421 | D:3      | Noticed a necrophage
  2426 | D:3      | Killed a necrophage
  2427 | D:3      | Reached skill level 3 in Ranged Weapons
  2427 | D:3      | Gained mutation: Your magical nature lets you fly swiftly
                  | and evasively. [Tengu growth]
  2427 | D:3      | Reached XP level 5. HP: 30/30 MP: 9/9
  2431 | D:3      | Learned a level 3 spell: Frozen Ramparts
  2498 | D:3      | You are sucked into a shaft and drop 3 floors!
  2535 | D:6      | Reached skill level 4 in Ranged Weapons
  2571 | D:6      | Reached XP level 6. HP: 32/35 MP: 10/10
  2684 | D:6      | Noticed a sky beast
  2718 | D:5      | Entered Level 5 of the Dungeon
  2809 | D:5      | Found Buarazy's Book Shoppe.
  2818 | D:5      | Noticed Edmund
  2849 | D:5      | Noticed Prince Ribbit
  2859 | D:5      | Killed Prince Ribbit
  2860 | D:5      | Reached skill level 5 in Ice Magic
  2860 | D:5      | Reached XP level 7. HP: 39/40 MP: 5/11
  2862 | D:5      | Reached skill level 5 in Ranged Weapons
  2900 | D:5      | Noticed Blork the orc
  2908 | D:5      | Killed Blork the orc
  2940 | D:5      | Found a sand-covered staircase.
  2949 | Ossuary  | Entered an ossuary
  3146 | Ossuary  | Reached skill level 6 in Ranged Weapons
  4029 | D:4      | Found a radiant altar of Vehumet.
  4130 | D:4      | Noticed Sigmund
  4199 | D:4      | Reached skill level 7 in Ranged Weapons
  4252 | D:4      | Identified the +5 whip of Golden Defence {venom, Str+2
                  | Dex+3}
  4261 | D:4      | Killed Sigmund
  4262 | D:4      | Reached XP level 8. HP: 44/44 MP: 7/13
  5097 | D:5      | Noticed Pikel
  5213 | D:5      | Killed Edmund
  5214 | D:5      | Reached skill level 8 in Ranged Weapons
  5315 | D:5      | Identified the +8 long sword of Desperation {flame, rC+
                  | Str+4}
  5443 | D:5      | Killed Pikel
  5444 | D:5      | Reached skill level 9 in Ranged Weapons
  5444 | D:5      | Reached XP level 9. HP: 48/48 MP: 8/14
  5675 | D:5      | Found a staircase to the Ecumenical Temple.
  5682 | Temple   | Entered the Ecumenical Temple
  5981 | Temple   | Became a worshipper of Gozag Ym Sagoz the Greedy
  6333 | D:6      | Reached skill level 10 in Ranged Weapons
  6448 | D:6      | Noticed Eustachio
  6456 | D:6      | Killed Eustachio
  7904 | D:7      | Reached skill level 1 in Armour
  7962 | D:7      | Reached skill level 11 in Ranged Weapons
  8273 | D:7      | Noticed Dowan
  8274 | D:7      | Noticed Duvessa
  8282 | D:7      | Killed Dowan
  8285 | D:7      | Killed Duvessa
  8294 | D:7      | Reached XP level 10. HP: 56/56 MP: 7/15
  8925 | D:7      | Reached skill level 12 in Ranged Weapons
  9647 | D:8      | Reached skill level 5 in Long Blades
 10079 | D:8      | Reached skill level 5 in Fighting
 10993 | D:8      | Found the +7 staff of the Meek {protect, meekguard}
 11436 | D:9      | Reached XP level 11. HP: 51/64 MP: 9/16
 11978 | D:9      | Found a staircase to the Lair.
 12302 | D:9      | Found a bloodstained altar of Trog.
 12315 | D:9      | Found a shimmering blue altar of Sif Muna.
 12319 | D:9      | Got Sif Muna's Quarto of Loathsome Heat
 12590 | Lair:1   | Entered Level 1 of the Lair of Beasts
 12664 | Lair:1   | Reached skill level 10 in Long Blades
 13365 | Lair:1   | Reached skill level 13 in Ranged Weapons
 13503 | Lair:1   | Reached skill level 14 in Ranged Weapons
 13555 | Lair:1   | Noticed a catoblepas
 13572 | Lair:1   | Killed a catoblepas
 13573 | Lair:1   | Reached XP level 12. HP: 14/72 MP: 14/17
 14207 | Lair:2   | Found a frozen archway.
 14367 | IceCv    | Entered an ice cave
 14820 | IceCv    | Learned a level 4 spell: Summon Ice Beast
 14896 | IceCv    | Got the Tome of Transforming Toxins
 15112 | IceCv    | Reached skill level 1 in Summonings
 15174 | IceCv    | HP: 3/109 [ice devil (9)]
 15370 | IceCv    | HP: 3/109 [harpy simulacrum (9)]
 15707 | IceCv    | Identified the +1 scale mail of Grim Curiosity {rC+ Stlth+}
 15970 | Lair:2   | Found a staircase to the Swamp.
 16117 | Lair:2   | Noticed Harold
 16173 | Lair:2   | Killed Harold
 16174 | Lair:2   | Reached XP level 13. HP: 42/79 MP: 3/18
 16377 | Lair:2   | Found a staircase to the Snake Pit.
 17263 | Lair:3   | Reached skill level 10 in Fighting
 17263 | Lair:3   | Reached skill level 5 in Dodging
 17649 | Lair:3   | You are sucked into a shaft and drop 2 floors!
 17649 | Lair:5   | Entered Level 5 of the Lair of Beasts
 17889 | Lair:4   | Found a staircase to the Slime Pits.
 18360 | Lair:3   | Reached skill level 15 in Ranged Weapons
 18360 | Lair:3   | Reached skill level 5 in Armour
 18477 | Lair:3   | Noticed Nessos
 18485 | Lair:3   | Noticed Sonja
 18498 | Lair:3   | Shot with an arrow by Nessos

Illustrated notes

Levels and vault maps discovered:
D:1:      roderic_lyre, layout_basic
D:2:      layout_loops_ring, basic_altar, minmay_nonomino_d4
D:3:      layout_loops_ring, nicolae_titane
D:4:      layout_loops_ring, mainiacjoe_overflow_chevrons, st_stairs_9,
          minmay_misc_feat_square, uniq_sigmund
D:5:      layout_gridville, minmay_temple_entry_mini_moons,
          gup_ossuary_entry_pyramid, serial_shops, shop_fountains,
          uniq_prince_ribbit1, uniq_edmund, uniq_pikel, uniq_blork_the_orc
D:6:      layout_gridville, uniq_eustachio
D:7:      layout_loops_corners, grunt_ministairs_4, uniq_duvessa
D:8:      layout_basic, pf_guarded_unrand_meek
D:9:      old_forge, layout_basic, nzn_overflow_gifts_of_might_and_magic,
          grunt_lair_entry_orc_guard_hut, columned_hall_lemuel,
          chequers_decorated_corner
Temple:   compressed_dpeg_triangle_lava_temple
Lair:1:   kb_forest_paths, layout_regular_city
Lair:2:   layout_gridlike, minmay_swamp_entry_worms,
          minmay_snake_entry_guardpost_small, portal_ice_cave_entry_pillars_1,
          st_stairs_4, grunt_megastairs_1, uniq_harold
Lair:3:   minmay_lair_oklob_tunnel, layout_cave_pods, minmay_hedge_maze,
          serial_bayou_pond_b, uniq_sonja, uniq_nessos
Lair:4:   layout_regular_city, nicolae_slime_entry_slimehenge,
          grunt_megastairs_4, infiniplex_staircase_pool_2
Lair:5:   due_jungle_book, layout_regular_city, serial_bayou_ford_a

Skill      XL: |  1  2  3  4  5  6  7  8  9 10 11 12 13 |
---------------+----------------------------------------+-----
Fighting       | 1 2 4 6 7 8 10 | 10.0
Ice Magic      | 4 5 6 |  6.0
Ranged Weapons | 2 3 4 7 9 11 12 14 15 | 15.0
Dodging        | 3 5 |  5.0
Spellcasting   | 3 |  3.0
Long Blades    | 4 8 10 13 14 | 14.0
Armour         | 2 3 5 |  5.0
Stealth        | 3 |  3.0
Summonings     | 4 |  4.0

Action                   |  1- 3 |  4- 6 |  7- 9 | 10-12 | 13-15 || total
-------------------------+-------+-------+-------+-------+-------++-------
Melee: Unarmed           |     3 |       |       |       |       ||     3
       Dagger            |     1 |       |       |       |       ||     1
       Long sword        |       |       |    60 |   330 |   132 ||   522
       Kick              |       |       |    21 |   104 |    48 ||   173
       Peck              |       |       |     9 |    72 |    41 ||   122
       Punch             |       |       |       |     4 |     4 ||     8
 Fire: Longbow           |    46 |    62 |   282 |   363 |   135 ||   888
       Sling             |    37 |       |       |       |       ||    37
Throw: Dart              |       |       |       |       |     2 ||     2
 Cast: Freeze            |    29 |       |       |       |       ||    29
       Frozen Ramparts   |       |     1 |    22 |    71 |    25 ||   119
       Ozocubu's Armour  |       |     1 |    19 |    71 |    23 ||   114
Evoke: Wand              |       |       |       |     2 |     1 ||     3
  Use: Potion            |     2 |       |     2 |     9 |     3 ||    16
       Scroll            |       |     5 |    10 |     7 |     1 ||    23
 Stab: Sleeping          |     1 |       |       |       |       ||     1
       Distracted        |       |       |       |     5 |     4 ||     9
       Invisible         |       |       |       |     3 |       ||     3
Armor: Robe              |    27 |    10 |    58 |    41 |       ||   136
       Leather armour    |       |       |       |    49 |    24 ||    73
       Skin              |       |       |       |    12 |       ||    12
Dodge: Dodged            |    69 |    47 |   208 |   289 |    93 ||   706

Table legend: (Time is in decaauts)
 A = Elapsed time spent in this place.
 B = Non-inter-level travel time spent in this place.
 C = Inter-level travel time spent in this place.
 D = Time resting spent in this place.
 E = Time spent auto-exploring this place.
 F = Levels seen in this place.
 G = Mean time per level.
                   A        B        C        D        E       F      G
               +--------+--------+--------+--------+--------+-----+--------+
         Total |  17694 |  16293 |   1401 |   4908 |   6082 |  17 | 1040.8 |
       Dungeon |  11577 |  10343 |   1234 |   2840 |   4678 |   9 | 1286.3 |
        Temple |    286 |    240 |     46 |      0 |    205 |   1 |  286.0 |
          Lair |   4013 |   3893 |    120 |   1357 |   1199 |   5 |  802.6 |
       Ossuary |    480 |    480 |      0 |    111 |      0 |   1 |  480.0 |
      Ice Cave |   1337 |   1337 |      0 |    599 |      0 |   1 | 1337.0 |
               +--------+--------+--------+--------+--------+-----+--------+

Top non-repeatable levels by time:
     D:7: 1724 daAuts
     D:8: 1605 daAuts
     D:6: 1509 daAuts
     D:9: 1430 daAuts
     D:1: 1430 daAuts
   IceCv: 1337 daAuts
  Lair:1: 1323 daAuts
     D:5: 1163 daAuts
  Lair:2: 1157 daAuts
  Lair:3: 1080 daAuts
     D:4: 996 daAuts
     D:2: 966 daAuts
     D:3: 749 daAuts
 Ossuary: 480 daAuts
  Lair:4: 449 daAuts
